 Dungeon Crawl Stone Soup version 0.30-a0-777-ga9a30cbeda (webtiles) character file.

Game seed: 3557476202944124076

3391 mopl the Jinx (level 9, 0/45 HPs)
             Began as a Deep Elf Enchanter on Feb 13, 2023.
             Was an Initiate of Dithmenos.
             Slain by a wyvern (9 damage)
             ... on level 7 of the Dungeon.
             The game lasted 00:15:07 (7470 turns).

mopl the Jinx (Deep Elf Enchanter)                  Turns: 7470, Time: 00:15:08

Health: 0/45       AC:  8    Str: 11    XL:     9   Next: 74%
Magic:  17/18      EV: 13    Int: 23    God:    Dithmenos [......]
Gold:   445        SH:  0    Dex: 17    Spells: 7/18 levels left

rFire   . . .      SeeInvis .    a - +1 dagger (venom)
rCold   . . .      Faith    .    (no shield)
rNeg    . . .      Spirit   .    b - +0 robe
rPois   .          Reflect  .    I - +0 helmet
rElec   .          Harm     .    K - +2 cloak
rCorr   .          Rampage  .    h - +0 pair of gloves
Will    .....                    k - +0 pair of boots
Stlth   +++++                    M - amulet of magic regeneration
HPRegen 0.27/turn                z - +6 ring of strength
MPRegen 0.56/turn                (no ring)

@: studying Air Magic
A: no striking features
a: Renounce Religion


You were on level 7 of the Dungeon.
You worshipped Dithmenos.
Dithmenos was noncommittal.
You visited 2 branches of the dungeon, and saw 9 of its levels.

You collected 445 gold pieces.

Inventory:

Hand Weapons
 a - a +1 dagger of venom (weapon)
 y - a +2 dagger of draining
 A - a +3 dagger of speed
 C - a +0 rapier
Missiles
 d - 13 poisoned darts
 q - 5 atropa-tipped darts
 D - 2 boomerangs of dispersal
 N - 2 boomerangs
Armour
 b - a +0 robe (worn)
 h - a +0 pair of gloves (worn)
 k - a +0 pair of boots (worn)
 I - a +0 helmet (worn)
 K - a +2 cloak (worn)
Magical Staves
 F - a staff of death
Jewellery
 z - a +6 ring of strength (left hand)
 L - an amulet of reflection
 M - an amulet of magic regeneration (around neck)
Wands
 e - a wand of polymorph (11)
 B - a wand of flame (19)
 J - a wand of roots (5)
Scrolls
 f - a scroll of immolation {unknown}
 j - 2 scrolls of fear {unknown}
 l - 2 scrolls of enchant armour {unknown}
 m - 2 scrolls of vulnerability {unknown}
 p - 3 scrolls of teleportation {unknown}
 r - 2 scrolls of magic mapping {unknown}
 t - a scroll of summoning {unknown}
 u - 4 scrolls of poison {unknown}
 v - a scroll of silence {unknown}
 G - a scroll of noise {unknown}
 H - 3 scrolls of enchant weapon {unknown}
Potions
 c - 3 potions of invisibility
 g - a potion of curing
 i - a potion of haste
 n - a potion of lignification {!q}
 o - 3 potions of flight
 s - a potion of might
 w - 4 potions of mutation {!q}
 x - a potion of magic
 E - 2 potions of brilliance
 O - a potion of degeneration {unknown}


   Skills:
 + Level 0.0 Fighting
 + Level 7.7 Short Blades
 + Level 1.0 Throwing
 + Level 2.4 Dodging
 + Level 10.7 Stealth
 - Level 5.0 Spellcasting
 + Level 10.9 Hexes
 + Level 1.1 Invocations
 + Level 1.0 Evocations


You had 7 spell levels left.
You knew the following spells:

 Your Spells              Type           Power      Damage    Failure   Level
b - Ensorcelled Hibernat  Hex/Ice        60%        N/A       1%          2
c - Confusing Touch       Hex            54%        N/A       1%          3
d - Tukima's Dance        Hex            54%        N/A       1%          3
f - Dazzling Flash        Conj/Hex       60%        N/A       3%          3

Your spell library contained the following spells:

 Spells                   Type           Power      Damage    Failure   Level
 Kiss of Death            Conj/Necr      20%        2d7       10%         1
 Scorch                   Fire           10%        2d5       14%         2
 Flame Wave               Conj/Fire      5%         2d5       67%         4
 Summon Cactus Giant      Summ           2%         N/A       100%        6


Dungeon Overview and Level Annotations

Branches:
Dungeon (8/15)             Temple (1/1) D:7            Lair (0/5) D:8

Altars:
Ashenzari
Cheibriados
Dithmenos
Elyvilon
Fedhas
Kikubaaqudgha
Qazlal
Ru
Sif Muna
Wu Jian
Zin
The Shining One

Shops:
D:1 [


Message History

Found a scroll labelled GUNAR MYAGYC and 7 gold pieces.
A yak comes into view.
The water moccasin bites the plant!
The plant begins to die.
The water moccasin bites the fungus.
The fungus begins to die.
The yak misses you. The wyvern attacks as you move away! The wyvern bites you!
The wyvern bites you but does no damage.
The wyvern attacks as you move away!
The wyvern bites you but does no damage.
You see here 8 stones.
The wyvern attacks as you move away! The wyvern bites you!
The wyvern misses you. The wyvern attacks as you move away!
The wyvern bites you.
The wyvern hisses menacingly.
The wyvern closely misses you.
The water moccasin hisses angrily.
The wyvern barely misses you. The wyvern attacks as you move away!
The wyvern barely misses you. The water moccasin bites you.
The water moccasin attacks as you move away!
The water moccasin misses you.
The wyvern bites you but does no damage.
The water moccasin closely misses you. The wyvern attacks as you move away!
The wyvern barely misses you. The wyvern closely misses you.
There is a stone staircase leading up here.
The water moccasin bites you but does no damage.
The wyvern bites you. The water moccasin bites you.
* * * LOW HITPOINT WARNING * * *
The water moccasin barely misses you.
You climb upwards.
There is a stone staircase leading down here.
Casting: Ensorcelled Hibernation (safe; 1% risk of failure)
Confirm with . or Enter, or press ? or * to list all spells.
Aiming: Ensorcelled Hibernation (safe; 1% risk of failure)
Press: ? - help, Shift-Dir - straight line, f - water moccasin
Aim: a water moccasin (chance to affect: 60%)
The water moccasin resists with significant effort.
The wyvern bites you!
You die...

#########..##
####...###
.......###..#
######...# ######.#
#..##########........#
#.#
#...........##......##
#.#
#...........'..###.##
### #.#
#.#.........########
..# #.#
#.#.............# ..#
#.# #.#....S........#
..# #.#
#.....S@........# ..#
#.# ###.....l.......#
..#
##'#####.............#
..#
#....................#
..#
#.......########.....#
..###.......# #.....#
............# #.....#
#...........# #.....#
#...........# #.....#


You could see 2 water moccasins and a wyvern.

Vanquished Creatures
  Grinder (D:6)
  Eustachio (D:5)
  4 vampire mosquitoes
  An orc warrior (D:6)
  2 ice beasts
  4 black bears
  3 ogres
  2 bullfrogs (D:7)
  2 necrophages (D:5)
  2 scorpions
  5 jellies
  9 orc priests
  A hound (D:5)
  Ijyb (D:5)
  Crazy Yiuf (D:6)
  Jessica (D:3)
  5 iguanas
  14 orc wizards
  4 gnolls
  10 adders
  3 white imps
  5 dart slugs
  28 orcs
  2 bats
  9 endoplasms
  7 giant cockroaches
  7 goblins
  4 hobgoblins
  4 jackals (D:1)
  4 quokkas
  8 ball pythons
  2 frilled lizards
  3 kobolds
  5 rats
164 creatures vanquished.

Vanquished Creatures (collateral kills)
  Terence (D:2)
1 creature vanquished.

Vanquished Creatures (others)
  2 dancing weapons (D:4)
  3 fungi
  3 plants (D:8)
8 creatures vanquished.

Grand Total: 173 creatures vanquished

Notes
Turn   | Place    | Note
-------+----------+-------------------------------------------
     0 | D:1      | mopl the Deep Elf Enchanter began the quest for the Orb.
     0 | D:1      | Reached XP level 1. HP: 10/10 MP: 6/6
    84 | D:1      | Reached XP level 2. HP: 2/15 MP: 8/8
   146 | D:1      | Learned a level 2 spell: Ensorcelled Hibernation
   298 | D:1      | Reached skill level 4 in Stealth
   473 | D:1      | Found Kidoniw's Armour Shoppe.
   508 | D:1      | Reached XP level 3. HP: 19/19 MP: 10/10
   776 | D:1      | Learned a level 3 spell: Tukima's Dance
   780 | D:1      | Learned a level 3 spell: Confusing Touch
   925 | D:2      | Noticed Terence
   935 | D:2      | Killed Terence
   936 | D:2      | Reached skill level 2 in Short Blades
   936 | D:2      | Reached XP level 4. HP: 11/24 MP: 0/11
  1070 | D:2      | Reached skill level 4 in Spellcasting
  1070 | D:2      | Reached skill level 5 in Hexes
  1074 | D:2      | Learned a level 3 spell: Dazzling Flash
  1510 | D:2      | Found a faded altar of an unknown god.
  1627 | D:3      | Reached XP level 5. HP: 28/28 MP: 13/13
  1975 | D:3      | Reached skill level 5 in Stealth
  2197 | D:3      | Noticed Jessica
  2204 | D:3      | Killed Jessica
  2611 | D:4      | Reached skill level 3 in Short Blades
  2611 | D:4      | Reached XP level 6. HP: 32/32 MP: 9/15
  2773 | D:4      | Reached skill level 5 in Spellcasting
  2773 | D:4      | Reached skill level 6 in Hexes
  3247 | D:4      | Reached skill level 6 in Stealth
  3532 | D:4      | Found an ancient bone altar of Kikubaaqudgha.
  3630 | D:5      | Entered Level 5 of the Dungeon
  3641 | D:4      | Reached XP level 7. HP: 22/36 MP: 9/16
  3775 | D:4      | Reached skill level 4 in Short Blades
  3877 | D:5      | Reached skill level 7 in Hexes
  4499 | D:5      | Reached skill level 7 in Stealth
  4577 | D:5      | Reached skill level 5 in Short Blades
  4577 | D:5      | Reached skill level 8 in Hexes
  4577 | D:5      | Reached XP level 8. HP: 41/41 MP: 3/17
  4585 | D:5      | Noticed Ijyb
  4724 | D:5      | Killed Ijyb
  4739 | D:5      | Reached skill level 8 in Stealth
  4795 | D:5      | Found a stormy altar of Qazlal.
  4808 | D:5      | Noticed Eustachio
  4831 | D:5      | Killed Eustachio
  4872 | D:5      | Reached skill level 6 in Short Blades
  4872 | D:5      | Reached skill level 9 in Hexes
  5040 | D:5      | Reached skill level 9 in Stealth
  5492 | D:6      | Reached XP level 9. HP: 15/45 MP: 15/18
  5687 | D:6      | Reached skill level 10 in Hexes
  5922 | D:6      | Reached skill level 7 in Short Blades
  5922 | D:6      | Reached skill level 10 in Stealth
  5927 | D:6      | Found a broken altar of Ashenzari.
  6067 | D:6      | Noticed Grinder
  6082 | D:6      | Killed Grinder
  6084 | D:6      | Found a shimmering blue altar of Sif Muna.
  6258 | D:6      | Got Sif Muna's Volume of the Undead
  6275 | D:6      | Found a snail-covered altar of Cheibriados.
  6585 | D:6      | Found a runed translucent door.
  6586 | D:6      | Noticed Crazy Yiuf
  6621 | D:6      | Killed Crazy Yiuf
  6708 | D:7      | Found a staircase to the Ecumenical Temple.
  6749 | Temple   | Entered the Ecumenical Temple
  6791 | Temple   | Became a worshipper of Dithmenos the Shadowed
  7290 | D:7      | Found an ornate altar of the Wu Jian Council.
  7358 | D:7      | Reached skill level 1 in Throwing
  7358 | D:7      | Reached skill level 1 in Invocations
  7358 | D:7      | Reached skill level 1 in Evocations
  7452 | D:8      | Found a staircase to the Lair.
  7470 | D:7      | Slain by a wyvern

Illustrated notes

Levels and vault maps discovered:
D:1:      minmay_arrival_four_houses, layout_rooms, serial_shops, shop_coins
D:2:      layout_rooms, basic_ecumenical_altar, uniq_terence
D:3:      layout_basic, reono_crystal_passage, uniq_jessica
D:4:      layout_cave_pods, mainiacjoe_overflow_concentric_impassable
D:5:      minmay_spotlight, layout_cave_pools, nicolae_qazlal_general_emergency,
          serial_glass, glass_columns_b, glass_columns_c, uniq_eustachio,
          uniq_ijyb
D:6:      layout_basic, led_sif_book, mainiacjoe_overflow_brackets,
          ashenzari_altar_1, hangedman_abyss_or_decor_passed,
          hangedman_decor_push, minmay_misc_feat_room, minmay_manual_monstrance,
          uniq_grinder, uniq_crazy_yiuf_cottage
D:7:      layout_basic, nicolae_wu_jian_immortal_techniques,
          minmay_temple_entry_proselytizer, kennysheep_minor_cross
D:8:      layout_basic, nicolae_overflow_crystal_walls, minmay_lair_entry_grove,
          serial_shops, nicolae_shop_behind_doors
Temple:   bh_familiar_temple

Skill      XL: |  1  2  3  4  5  6  7  8  9 |
---------------+----------------------------+-----
Stealth        | 4 5 6 7 9 10 | 10.7
Short Blades   | 2 3 5 6 7 |  7.7
Spellcasting   | 4 5 |  5.0
Hexes          | 5 6 8 9 10 | 10.9
Throwing       | 1 |  1.0
Invocations    | 1 |  1.1
Evocations     | 1 |  1.0
Dodging        | |  2.4

Action                     |  1- 3 |  4- 6 |  7- 9 || total
---------------------------+-------+-------+-------++-------
  Melee: Dagger            |   103 |   174 |   245 ||   522
         Punch             |     1 |     3 |     3 ||     7
   Cast: Ensorcelled Hiber |     9 |    32 |    67 ||   108
         Tukima's Dance    |     2 |     4 |     1 ||     7
         Dazzling Flash    |       |     3 |     3 ||     6
         Confusing Touch   |       |       |    13 ||    13
    Use: Scroll            |       |     4 |     6 ||    10
         Potion            |       |     1 |     1 ||     2
   Stab: Sleeping          |    14 |    24 |    43 ||    81
         Invisible         |       |     1 |     1 ||     2
         Confused          |       |       |    11 ||    11
         Distracted        |       |       |     1 ||     1
 Armour: Robe              |    19 |    40 |    65 ||   124
  Dodge: Dodged            |    64 |   118 |   124 ||   306

Table legend: (Time is in decaauts)
 A = Elapsed time spent in this place.
 B = Non-inter-level travel time spent in this place.
 C = Inter-level travel time spent in this place.
 D = Time resting spent in this place.
 E = Time spent auto-exploring this place.
 F = Levels seen in this place.
 G = Mean time per level.
                   A        B        C        D        E       F      G
               +--------+--------+--------+--------+--------+-----+--------+
         Total |   7376 |   7136 |    240 |   2135 |   3202 |   9 |  819.6 |
       Dungeon |   7315 |   7094 |    221 |   2135 |   3167 |   8 |  914.4 |
        Temple |     60 |     42 |     18 |      0 |     35 |   1 |   60.0 |
               +--------+--------+--------+--------+--------+-----+--------+

Top non-repeatable levels by time:
     D:4: 1704 daAuts
     D:5: 1153 daAuts
     D:6: 1083 daAuts
     D:3: 1080 daAuts
     D:1: 788 daAuts
     D:2: 760 daAuts
     D:7: 708 daAuts
  Temple: 60 daAuts
     D:8: 35 daAuts
